TOP OF THE 1ST |
Pittsburgh Pirates batting - Pitching for Arizona Diamondbacks : RHP Marcus Wolfe
|
Pitching: RHP Marcus Wolfe
|
|
Batting: LHB Micah Boshnjaku
|
0-0: Swinging Strike 0-1: Ball 1-1: Ball 2-1: Swinging Strike 2-2: Foul Ball, location: 2F 2-2: Ball 3-2: Strikes out swinging
|
Batting: RHB Chiel Palstermans
|
0-0: Ball 1-0: Called Strike 1-1: Ball 2-1: Foul Ball, location: 2F 2-2: Ground out 1-3 (Groundball, 15S, EV 67.5 MPH)
|
Batting: LHB Brad Pepin
|
0-0: Called Strike 0-1: Swinging Strike 0-2: Ball 1-2: Strikes out swinging
|
Top of the 1st over - 0 runs, 0 hits, 0 errors, 0 left on base; Pittsburgh 0 - Arizona 0 |
BOTTOM OF THE 1ST |
Arizona Diamondbacks batting - Pitching for Pittsburgh Pirates : LHP Sam Richardson
|
Pitching: LHP Sam Richardson
|
|
Batting: SHB Alec Thorpe
|
0-0: Called Strike 0-1: Ball 1-1: Foul Ball, location: 2F 1-2: Ground out 6-3 (Groundball, 6M, EV 97.5 MPH)
|
Batting: RHB Katilimomi Kelekolio
|
0-0: Ball 1-0: Foul Ball, location: 2F 1-1: Ball 2-1: Foul Ball, location: 2F 2-2: Strikes out looking
|
Batting: SHB Perry Tuckfard
|
0-0: Ball 1-0: Swinging Strike 1-1: Foul Ball, location: 2F 1-2: Ball 2-2: Strikes out looking
|
Bottom of the 1st over - 0 runs, 0 hits, 0 errors, 0 left on base; Pittsburgh 0 - Arizona 0 |
TOP OF THE 2ND |
Pittsburgh Pirates batting - Pitching for Arizona Diamondbacks : RHP Marcus Wolfe
|
Batting: LHB Nick Rooney
|
0-0: Ball 1-0: Called Strike 1-1: Called Strike 1-2: Strikes out swinging
|
Batting: RHB David Contreras
|
0-0: DOUBLE (Line Drive, 8LXD, EV 108.8 MPH)
|
Batting: LHB Xavier Pittman
|
0-0: Ball 1-0: Called Strike 1-1: Ball 2-1: Called Strike 2-2: Strikes out swinging
|
Batting: SHB Jack Andrews
|
0-0: Ball 1-0: Ground out U3 (Groundball, 3, EV 107.5 MPH)
|
Top of the 2nd over - 0 runs, 1 hit, 0 errors, 1 left on base; Pittsburgh 0 - Arizona 0 |
BOTTOM OF THE 2ND |
Arizona Diamondbacks batting - Pitching for Pittsburgh Pirates : LHP Sam Richardson
|
Batting: RHB Bob Najar
|
0-0: Swinging Strike 0-1: Ball 1-1: Ball 2-1: Ground out 6-3 (Groundball, 6, EV 87.5 MPH)
|
Batting: RHB Jim Zucco
|
0-0: Called Strike 0-1: Called Strike 0-2: SOLO HOME RUN (Flyball, 9D, EV 95.0 MPH), Distance : 359 ft
|
Batting: LHB Joel Kunkler
|
0-0: Ball 1-0: Swinging Strike 1-1: Called Strike 1-2: Ball 2-2: Ground out U3 (Groundball, 34, EV 86.2 MPH)
|
Batting: SHB Salvador Aragon
|
0-0: Called Strike 0-1: Called Strike 0-2: Foul Ball, location: 2F 0-2: Strikes out swinging
|
Bottom of the 2nd over - 1 run, 1 hit, 0 errors, 0 left on base; Pittsburgh 0 - Arizona 1 |
TOP OF THE 3RD |
Pittsburgh Pirates batting - Pitching for Arizona Diamondbacks : RHP Marcus Wolfe
|
Batting: RHB Jason Moss
|
0-0: Foul Ball, location: 2F 0-1: Ball 1-1: Foul Ball, location: 2F 1-2: Foul Ball, location: 2F 1-2: Ball 2-2: Fly out, F7 (Flyball, 7S, EV 78.1 MPH)
|
Batting: SHB Brad Day
|
0-0: Ball 1-0: Ball 2-0: Foul Ball, location: 2F 2-1: Swinging Strike 2-2: Strikes out swinging
|
Batting: LHB Micah Boshnjaku
|
0-0: Ground out U3 (Groundball, 3, EV 90.0 MPH)
|
Top of the 3rd over - 0 runs, 0 hits, 0 errors, 0 left on base; Pittsburgh 0 - Arizona 1 |
BOTTOM OF THE 3RD |
Arizona Diamondbacks batting - Pitching for Pittsburgh Pirates : LHP Sam Richardson
|
Batting: SHB Warren Eisner
|
0-0: Called Strike 0-1: Hit by Pitch
|
Batting: LHB Roy Steigerwald
|
0-0: Called Strike 0-1: Ball 1-1: Foul Ball, location: 2F 1-2: Ball 2-2: Strikes out swinging
|
Batting: SHB Alec Thorpe
|
0-0: Ball 1-0: Called Strike 1-1: Ball 2-1: Fielders Choice at 2nd, 6-4 (Groundball, 56D, EV 108.8 MPH)
|
Batting: RHB Katilimomi Kelekolio
|
0-0: Called Strike 0-1: Swinging Strike 0-2: Ball 1-2: Foul Ball, location: 2F 1-2: Strikes out swinging
|
Bottom of the 3rd over - 0 runs, 0 hits, 0 errors, 1 left on base; Pittsburgh 0 - Arizona 1 |
TOP OF THE 4TH |
Pittsburgh Pirates batting - Pitching for Arizona Diamondbacks : RHP Marcus Wolfe
|
Batting: RHB Chiel Palstermans
|
0-0: Ball 1-0: Ball 2-0: Foul Ball, location: 2F 2-1: Called Strike 2-2: Ball 3-2: Strikes out swinging
|
Batting: LHB Brad Pepin
|
0-0: Ball 1-0: Ground out 4-3 (Groundball, 4, EV 84.4 MPH)
|
Batting: LHB Nick Rooney
|
0-0: SINGLE (Groundball, 6MS, EV 65.0 MPH) (infield hit)
|
Batting: RHB David Contreras
|
0-0: Called Strike 0-1: Ball 1-1: 2-RUN HOME RUN (Line Drive, 8LXD, EV 117.5 MPH), Distance : 477 ft
|
Batting: LHB Xavier Pittman
|
0-0: Called Strike 0-1: Foul Ball, location: 2F 0-2: Ball 1-2: Ball 2-2: SINGLE (Groundball, 4MD, EV 93.8 MPH)
|
Batting: SHB Jack Andrews
|
0-0: Called Strike 0-1: Ball 1-1: TRIPLE (Line Drive, 78XD, EV 100.6 MPH) Xavier Pittman scores
|
Batting: RHB Jason Moss
|
0-0: Called Strike 0-1: Ball 1-1: Called Strike 1-2: Strikes out swinging
|
Top of the 4th over - 3 runs, 4 hits, 0 errors, 1 left on base; Pittsburgh 3 - Arizona 1 |
BOTTOM OF THE 4TH |
Arizona Diamondbacks batting - Pitching for Pittsburgh Pirates : LHP Sam Richardson
|
Batting: SHB Perry Tuckfard
|
0-0: Called Strike 0-1: Ground out 5-3 (Groundball, 56S, EV 89.4 MPH)
|
Batting: RHB Bob Najar
|
0-0: Foul Ball, location: 2F 0-1: Called Strike 0-2: Strikes out swinging
|
Batting: RHB Jim Zucco
|
0-0: Ball 1-0: Foul Ball, location: 2F 1-1: Foul Ball, location: 2F 1-2: Strikes out swinging
|
Bottom of the 4th over - 0 runs, 0 hits, 0 errors, 0 left on base; Pittsburgh 3 - Arizona 1 |
TOP OF THE 5TH |
Pittsburgh Pirates batting - Pitching for Arizona Diamondbacks : RHP Marcus Wolfe
|
Batting: SHB Brad Day
|
0-0: Fly out, F8 (Line Drive, 8LD, EV 90.6 MPH)
|
Batting: LHB Micah Boshnjaku
|
0-0: Ball 1-0: Foul Ball, location: 2F 1-1: Ball 2-1: Foul Ball, location: 2F 2-2: Foul Ball, location: 2F 2-2: Ball 3-2: Foul Ball, location: 2F 3-2: SINGLE (Groundball, 34D, EV 97.5 MPH)
|
Batting: RHB Chiel Palstermans
|
0-0: Ball 1-0: Foul Ball, location: 2F 1-1: Ball 2-1: Ball 3-1: Base on Balls Micah Boshnjaku to second
|
Batting: LHB Brad Pepin
|
0-0: Grounds into double play, 6-4-3 (Groundball, 6, EV 86.2 MPH)
|
Top of the 5th over - 0 runs, 1 hit, 0 errors, 1 left on base; Pittsburgh 3 - Arizona 1 |
BOTTOM OF THE 5TH |
Arizona Diamondbacks batting - Pitching for Pittsburgh Pirates : LHP Sam Richardson
|
Batting: LHB Joel Kunkler
|
0-0: Ball 1-0: Fly out, F5 (Popup, 5, EV 81.9 MPH)
|
Batting: SHB Salvador Aragon
|
0-0: Ball 1-0: Foul Ball, location: 2F 1-1: Swinging Strike 1-2: Strikes out swinging
|
Batting: SHB Warren Eisner
|
0-0: Ball 1-0: Fly out, F8 (Flyball, 8RD, EV 91.9 MPH)
|
Bottom of the 5th over - 0 runs, 0 hits, 0 errors, 0 left on base; Pittsburgh 3 - Arizona 1 |
TOP OF THE 6TH |
Pittsburgh Pirates batting - Pitching for Arizona Diamondbacks : RHP Marcus Wolfe
|
Batting: LHB Nick Rooney
|
0-0: Called Strike 0-1: Ball 1-1: Called Strike 1-2: Foul Ball, location: 2F 1-2: Foul Ball, location: 2F 1-2: Ball 2-2: Ball 3-2: Strikes out swinging
|
Batting: RHB David Contreras
|
0-0: Ball 1-0: Called Strike 1-1: Ball 2-1: Swinging Strike 2-2: Hit by Pitch
|
Batting: LHB Xavier Pittman
|
0-0: Called Strike 0-1: Ball 1-1: Foul Ball, location: 2F 1-2: Foul Ball, location: 2F 1-2: Ball 2-2: Strikes out swinging
|
Batting: SHB Jack Andrews
|
0-0: Swinging Strike 0-1: Ball 1-1: Ball 2-1: Called Strike 2-2: Ground out 4-3 (Groundball, 4, EV 100.6 MPH)
|
Top of the 6th over - 0 runs, 0 hits, 0 errors, 1 left on base; Pittsburgh 3 - Arizona 1 |
BOTTOM OF THE 6TH |
Arizona Diamondbacks batting - Pitching for Pittsburgh Pirates : LHP Sam Richardson
|
Batting: LHB Roy Steigerwald
|
0-0: Ball 1-0: Ball 2-0: Ball 3-0: Base on Balls
|
Batting: SHB Alec Thorpe
|
0-0: Foul Ball, location: 2F 0-1: Ball Roy Steigerwald steals 2nd base 1-1: Foul Ball, location: 2F 1-2: Strikes out looking
|
Batting: RHB Katilimomi Kelekolio
|
0-0: Ball 1-0: Foul Ball, location: 2F 1-1: Foul Ball, location: 2F 1-2: Ground out U3 (Groundball, 13, EV 87.5 MPH) Roy Steigerwald to third
|
Batting: SHB Perry Tuckfard
|
0-0: Ball 1-0: Called Strike 1-1: Fly out, F6 (Line Drive, 6, EV 75.6 MPH)
|
Bottom of the 6th over - 0 runs, 0 hits, 0 errors, 1 left on base; Pittsburgh 3 - Arizona 1 |
TOP OF THE 7TH |
Pittsburgh Pirates batting - Pitching for Arizona Diamondbacks : RHP Marcus Wolfe
|
Batting: RHB Jason Moss
|
0-0: Ball 1-0: Ground out 4-3 (Groundball, 4, EV 90.0 MPH)
|
Pitching: RHP Stanford Placard
|
|
Batting: SHB Brad Day
|
0-0: Ball 1-0: Called Strike 1-1: Swinging Strike 1-2: Foul Ball, location: 2F 1-2: Ball 2-2: SINGLE (Groundball, 3S, EV 73.8 MPH) (infield hit)
|
Batting: LHB Micah Boshnjaku
|
0-0: Ball 1-0: Called Strike 1-1: Called Strike 1-2: Strikes out swinging
|
Batting: RHB Chiel Palstermans
|
0-0: Called Strike Brad Day is caught stealing 2nd base 2-4
|
Top of the 7th over - 0 runs, 1 hit, 0 errors, 0 left on base; Pittsburgh 3 - Arizona 1 |
BOTTOM OF THE 7TH |
Arizona Diamondbacks batting - Pitching for Pittsburgh Pirates : LHP Sam Richardson
|
Batting: RHB Bob Najar
|
0-0: Ball 1-0: Foul Ball, location: 2F 1-1: Foul Ball, location: 2F 1-2: Ball 2-2: Strikes out swinging, 2-3 out at first.
|
Batting: RHB Jim Zucco
|
0-0: Called Strike 0-1: SOLO HOME RUN (Flyball, 8RXD, EV 115.6 MPH), Distance : 438 ft
|
Batting: LHB Joel Kunkler
|
0-0: Called Strike 0-1: Ground out U3 (Groundball, 3L, EV 103.1 MPH)
|
Batting: SHB Salvador Aragon
|
0-0: Called Strike 0-1: Foul Ball, location: 2F 0-2: Ball 1-2: Ball 2-2: Ground out 4-3 (Groundball, 4, EV 103.1 MPH)
|
Bottom of the 7th over - 1 run, 1 hit, 0 errors, 0 left on base; Pittsburgh 3 - Arizona 2 |
TOP OF THE 8TH |
Pittsburgh Pirates batting - Pitching for Arizona Diamondbacks : RHP Stanford Placard
|
Pitching: RHP Adam Silbert
|
|
Batting: RHB Chiel Palstermans
|
0-0: Ball 1-0: Ball 2-0: Called Strike 2-1: Swinging Strike 2-2: Strikes out swinging
|
Batting: LHB Brad Pepin
|
0-0: Ball 1-0: Ball 2-0: Ground out 6-3 (Groundball, P, EV 80.6 MPH)
|
Batting: LHB Nick Rooney
|
0-0: Called Strike 0-1: Called Strike 0-2: SOLO HOME RUN (Flyball, 78XD, EV 101.2 MPH), Distance : 397 ft
|
Batting: RHB David Contreras
|
0-0: SOLO HOME RUN (Line Drive, 8LXD, EV 115.6 MPH), Distance : 476 ft
|
Batting: LHB Xavier Pittman
|
0-0: Called Strike 0-1: Ground out 6-3 (Groundball, 6, EV 86.9 MPH)
|
Top of the 8th over - 2 runs, 2 hits, 0 errors, 0 left on base; Pittsburgh 5 - Arizona 2 |
BOTTOM OF THE 8TH |
Arizona Diamondbacks batting - Pitching for Pittsburgh Pirates : LHP Sam Richardson
|
Batting: SHB Warren Eisner
|
0-0: Ball 1-0: Called Strike 1-1: SINGLE (Flyball, 56D, EV 94.4 MPH)
|
Batting: LHB Roy Steigerwald
|
0-0: Ball 1-0: Ball 2-0: Ball 3-0: Base on Balls Warren Eisner to second
|
Batting: SHB Alec Thorpe
|
0-0: Swinging Strike 0-1: 3-RUN HOME RUN (Line Drive, 8RXD, EV 116.2 MPH), Distance : 467 ft
|
Pitching: LHP Jimmy Vanthournoutingtonle
|
|
Batting: RHB Katilimomi Kelekolio
|
0-0: Foul Ball, location: 2F 0-1: Ball 1-1: Ball 2-1: Called Strike 2-2: Strikes out swinging
|
Batting: SHB Perry Tuckfard
|
0-0: Ball 1-0: Ball 2-0: Fly out, F7 (Flyball, 7S, EV 79.4 MPH)
|
Batting: RHB Bob Najar
|
0-0: Called Strike 0-1: Called Strike 0-2: Ball 1-2: Ball 2-2: Strikes out looking
|
Bottom of the 8th over - 3 runs, 2 hits, 0 errors, 0 left on base; Pittsburgh 5 - Arizona 5 |
TOP OF THE 9TH |
Pittsburgh Pirates batting - Pitching for Arizona Diamondbacks : RHP Adam Silbert
|
Pitching: RHP Rich Garces
|
|
Batting: SHB Jack Andrews
|
0-0: Called Strike 0-1: Ball 1-1: Called Strike 1-2: Strikes out looking
|
Pinch Hitting: LHB Chris Salim
|
0-0: Called Strike 0-1: Ball 1-1: Foul Ball, location: 2F 1-2: Foul Ball, location: 2F 1-2: Ball 2-2: SINGLE (Line Drive, 5D, EV 104.4 MPH)
|
Batting: SHB Brad Day
|
0-0: Called Strike 0-1: Fly out, F8 (Flyball, 8RD, EV 86.9 MPH)
|
Batting: LHB Micah Boshnjaku
|
0-0: Called Strike 0-1: Ball 1-1: SINGLE (Groundball, 4D, EV 95.0 MPH) Chris Salim to second Runner from 2nd tries for 3rd, SAFE, throw by RF made to third Micah Boshnjaku to second
|
Batting: RHB Chiel Palstermans
|
0-0: Ball 1-0: Ball 2-0: Called Strike 2-1: Foul Ball, location: 2F 2-2: Strikes out swinging
|
Top of the 9th over - 0 runs, 2 hits, 0 errors, 2 left on base; Pittsburgh 5 - Arizona 5 |
BOTTOM OF THE 9TH |
Arizona Diamondbacks batting - Pitching for Pittsburgh Pirates : LHP Jimmy Vanthournoutingtonle
|
Pitching: RHP Josh Ambrose
|
|
Now in LF: Chris Salim
|
|
Batting: RHB Jim Zucco
|
0-0: Swinging Strike 0-1: Ball 1-1: Foul Ball, location: 2F 1-2: Ball 2-2: Ball 3-2: Strikes out swinging
|
Batting: LHB Joel Kunkler
|
0-0: Called Strike 0-1: Ball 1-1: Called Strike 1-2: Foul Ball, location: 2F 1-2: Ball 2-2: Foul Ball, location: 2F 2-2: SINGLE (Flyball, 7LS, EV 91.2 MPH)
|
Batting: SHB Salvador Aragon
|
0-0: Foul Ball, location: 2F 0-1: Foul Ball, location: 2F 0-2: SINGLE (Line Drive, 8LS, EV 105.0 MPH) Joel Kunkler to second
|
Batting: SHB Warren Eisner
|
0-0: Fielders Choice at 2nd, 1-6 (Groundball, P, EV 72.5 MPH) Joel Kunkler to third
|
Batting: LHB Roy Steigerwald
|
0-0: Ball 1-0: Fly out, F9 (Flyball, 9S, EV 83.8 MPH)
|
Bottom of the 9th over - 0 runs, 2 hits, 0 errors, 2 left on base; Pittsburgh 5 - Arizona 5 |
TOP OF THE 10TH |
Pittsburgh Pirates batting - Pitching for Arizona Diamondbacks : RHP Rich Garces
|
Batting: LHB Brad Pepin
|
0-0: Ball 1-0: Ball 2-0: Ball 3-0: Base on Balls
|
Batting: LHB Nick Rooney
|
0-0: Ball 1-0: Fly out, F8 (Flyball, 78XD, EV 82.5 MPH)
|
Batting: RHB David Contreras
|
0-0: Ball Brad Pepin steals 2nd base 1-0: Ball 2-0: Foul Ball, location: 2F 2-1: Ball 3-1: Called Strike 3-2: Foul Ball, location: 2F 3-2: Foul Ball, location: 2F 3-2: Base on Balls
|
Pitching: RHP Bill Pauley
|
|
Batting: LHB Xavier Pittman
|
0-0: Ball 1-0: Ball 2-0: Called Strike 2-1: Called Strike 2-2: Grounds into double play, 6-4-3 (Groundball, 56, EV 99.4 MPH)
|
Top of the 10th over - 0 runs, 0 hits, 0 errors, 1 left on base; Pittsburgh 5 - Arizona 5 |
BOTTOM OF THE 10TH |
Arizona Diamondbacks batting - Pitching for Pittsburgh Pirates : RHP Josh Ambrose
|
Pitching: RHP Jeremy Kennie
|
|
Batting: SHB Alec Thorpe
|
0-0: Ball 1-0: Foul Ball, location: 2F 1-1: Ball 2-1: Fly out, F7 (Flyball, 78M, EV 83.1 MPH)
|
Batting: RHB Katilimomi Kelekolio
|
0-0: Called Strike 0-1: Ball 1-1: Called Strike 1-2: Ball 2-2: Foul Ball, location: 2F 2-2: Strikes out looking
|
Batting: SHB Perry Tuckfard
|
0-0: Ball 1-0: Called Strike 1-1: Called Strike 1-2: Ball 2-2: Ball 3-2: Strikes out swinging
|
Bottom of the 10th over - 0 runs, 0 hits, 0 errors, 0 left on base; Pittsburgh 5 - Arizona 5 |
TOP OF THE 11TH |
Pittsburgh Pirates batting - Pitching for Arizona Diamondbacks : RHP Bill Pauley
|
Batting: SHB Jack Andrews
|
0-0: Called Strike 0-1: Ball 1-1: Ball 2-1: Ground out 5-3 (Groundball, 56, EV 88.1 MPH)
|
Batting: LHB Chris Salim
|
0-0: Called Strike 0-1: Ball 1-1: Fly out, F8 (Flyball, 8LM, EV 80.6 MPH)
|
Batting: SHB Brad Day
|
0-0: Swinging Strike 0-1: Called Strike 0-2: Foul Ball, location: 2F 0-2: Ball 1-2: Strikes out swinging
|
Top of the 11th over - 0 runs, 0 hits, 0 errors, 0 left on base; Pittsburgh 5 - Arizona 5 |
BOTTOM OF THE 11TH |
Arizona Diamondbacks batting - Pitching for Pittsburgh Pirates : RHP Jeremy Kennie
|
Batting: RHB Bob Najar
|
0-0: Fly out, F9 (Flyball, 9, EV 85.6 MPH)
|
Batting: RHB Jim Zucco
|
0-0: Ground out 6-3 (Groundball, 56, EV 85.0 MPH)
|
Batting: LHB Joel Kunkler
|
0-0: Foul Ball, location: 2F 0-1: Ball 1-1: Ball 2-1: Foul Ball, location: 2F 2-2: Ball 3-2: Ground out 3-1 (Groundball, 34S, EV 92.5 MPH)
|
Bottom of the 11th over - 0 runs, 0 hits, 0 errors, 0 left on base; Pittsburgh 5 - Arizona 5 |
TOP OF THE 12TH |
Pittsburgh Pirates batting - Pitching for Arizona Diamondbacks : RHP Bill Pauley
|
Batting: LHB Micah Boshnjaku
|
0-0: Called Strike 0-1: Swinging Strike 0-2: Foul Ball, location: 2F 0-2: SINGLE (Groundball, 56D, EV 96.2 MPH)
|
Batting: RHB Chiel Palstermans
|
0-0: Sac Bunt to 23 - play at first, batter OUT! 3-4 Micah Boshnjaku to second
|
Batting: LHB Brad Pepin
|
0-0: Intentional Walk
|
Batting: LHB Nick Rooney
|
0-0: Ball 1-0: Called Strike 1-1: Grounds into double play, 4-6-3 (Groundball, 4, EV 97.5 MPH)
|
Top of the 12th over - 0 runs, 1 hit, 0 errors, 1 left on base; Pittsburgh 5 - Arizona 5 |
BOTTOM OF THE 12TH |
Arizona Diamondbacks batting - Pitching for Pittsburgh Pirates : RHP Jeremy Kennie
|
Batting: SHB Salvador Aragon
|
0-0: Fly out, F4 (Popup, 4MD, EV 56.9 MPH)
|
Batting: SHB Warren Eisner
|
0-0: Ball 1-0: Ball 2-0: Called Strike 2-1: Ball 3-1: Base on Balls
|
Batting: LHB Roy Steigerwald
|
0-0: Called Strike 0-1: Swinging Strike 0-2: Foul Ball, location: 2F 0-2: Ball 1-2: Ball 2-2: Ball 3-2: Foul Ball, location: 2F 3-2: Strikes out swinging
|
Pitching: RHP Ian Toney
|
|
Batting: SHB Alec Thorpe
|
0-0: Ball 1-0: Swinging Strike 1-1: Ball Warren Eisner steals 2nd base 2-1: Ball 3-1: Base on Balls
|
Batting: RHB Katilimomi Kelekolio
|
0-0: Called Strike 0-1: Foul Ball, location: 2F 0-2: Ball 1-2: Ball 2-2: Ball 3-2: Base on Balls Warren Eisner to third Alec Thorpe to second
|
Batting: SHB Perry Tuckfard
|
0-0: Called Strike 0-1: Ball 1-1: Swinging Strike 1-2: Fly out, F8 (Line Drive, 8RM, EV 90.0 MPH)
|
Bottom of the 12th over - 0 runs, 0 hits, 0 errors, 3 left on base; Pittsburgh 5 - Arizona 5 |
TOP OF THE 13TH |
Pittsburgh Pirates batting - Pitching for Arizona Diamondbacks : RHP Bill Pauley
|
Batting: RHB David Contreras
|
0-0: Called Strike 0-1: Called Strike 0-2: Ball 1-2: Ball 2-2: Foul Ball, location: 2F 2-2: Ball 3-2: Base on Balls
|
Batting: LHB Xavier Pittman
|
0-0: Sac Bunt to 13S - play at first, batter OUT! 1-3 David Contreras to second
|
Pitching: RHP David Mendoza
|
|
Batting: SHB Jack Andrews
|
0-0: Ball 1-0: Ball 2-0: Ball 3-0: Called Strike 3-1: Base on Balls
|
Batting: LHB Chris Salim
|
0-0: Ball 1-0: Called Strike 1-1: Ball 2-1: Grounds into double play, 4-6-3 (Groundball, 4, EV 105.6 MPH)
|
Top of the 13th over - 0 runs, 0 hits, 0 errors, 1 left on base; Pittsburgh 5 - Arizona 5 |
BOTTOM OF THE 13TH |
Arizona Diamondbacks batting - Pitching for Pittsburgh Pirates : RHP Ian Toney
|
Batting: RHB Bob Najar
|
0-0: Swinging Strike 0-1: Ball 1-1: Fly out, F7 (Flyball, 78D, EV 100.6 MPH)
|
Batting: RHB Jim Zucco
|
0-0: Ball 1-0: Foul Ball, location: 2F 1-1: Foul Ball, location: 2F 1-2: Fly out, F8 (Flyball, 8RM, EV 93.8 MPH)
|
Batting: LHB Joel Kunkler
|
0-0: Ball 1-0: DOUBLE (Flyball, 8LXD, EV 105.6 MPH)
|
Batting: SHB Salvador Aragon
|
0-0: Swinging Strike 0-1: Foul Ball, location: 2F 0-2: Ball 1-2: Foul Ball, location: 2F 1-2: Ground out 3-1 (Groundball, 34S, EV 85.0 MPH)
|
Bottom of the 13th over - 0 runs, 1 hit, 0 errors, 1 left on base; Pittsburgh 5 - Arizona 5 |
TOP OF THE 14TH |
Pittsburgh Pirates batting - Pitching for Arizona Diamondbacks : RHP David Mendoza
|
Batting: SHB Brad Day
|
0-0: Called Strike 0-1: Ball 1-1: Foul Ball, location: 2F 1-2: Foul Ball, location: 2F 1-2: Strikes out swinging
|
Batting: LHB Micah Boshnjaku
|
0-0: Called Strike 0-1: Ball 1-1: Foul Ball, location: 2F 1-2: SINGLE (Line Drive, 3D, EV 97.5 MPH)
|
Pinch Hitting: LHB Jordan de Jesus
|
0-0: Grounds into double play, 6-4-3 (Groundball, 6, EV 86.2 MPH)
|
Top of the 14th over - 0 runs, 1 hit, 0 errors, 0 left on base; Pittsburgh 5 - Arizona 5 |
BOTTOM OF THE 14TH |
Arizona Diamondbacks batting - Pitching for Pittsburgh Pirates : RHP Ian Toney
|
Now at SS: Jordan de Jesus
|
|
Batting: SHB Warren Eisner
|
0-0: Ground out 4-3 (Groundball, 34D, EV 88.1 MPH)
|
Batting: LHB Roy Steigerwald
|
0-0: Called Strike 0-1: Foul Ball, location: 2F 0-2: Ball 1-2: SINGLE (Line Drive, 78S, EV 95.6 MPH)
|
Batting: SHB Alec Thorpe
|
0-0: Ball 1-0: Ball 2-0: Called Strike 2-1: Ball 3-1: Base on Balls Roy Steigerwald to second
|
Batting: RHB Katilimomi Kelekolio
|
0-0: Foul Ball, location: 2F 0-1: Called Strike 0-2: Foul Ball, location: 2F 0-2: Fly out, F8 (Flyball, 78M, EV 93.1 MPH)
|
Batting: SHB Perry Tuckfard
|
0-0: Ball 1-0: Ball 2-0: Swinging Strike 2-1: SINGLE (Groundball, 56S, EV 67.5 MPH) (infield hit) Roy Steigerwald to third Alec Thorpe to second
|
Batting: RHB Bob Najar
|
0-0: Called Strike 0-1: Called Strike 0-2: SINGLE (Flyball, 8RS, EV 92.5 MPH) Roy Steigerwald scores
|
Bottom of the 14th over - 1 run, 3 hits, 0 errors, 2 left on base; Pittsburgh 5 - Arizona 6 |
|